cohdb
Replays
Latest Replays
All Replays
Popular Replays
Top Player Replays
Match Explorer
How It Works
Community
CoH3 Stats
Reddit
Sign in to upload your games and track your stats! →
Sign in with Steam
Match 43360461
Unlisted
Match 43360461
Overview
Messages
Build Orders
End
Construct Weapon Support Center
Scout Squad
M1919 Machine Gun Team
M1919 Machine Gun Team
Bazooka Squad
M1919 Machine Gun Team
Infantry Support Center
Construct Medical Station
Selects Heavy Weapons
Selects Assault Carriers
M3 Assault Carrier
Engineer Squad
Selects M2HB .50cal Heavy Machine Gun
M1919 Machine Gun Team
Construct Motor Pool
Engineer Squad
M8 Greyhound Armored Car
M1919 Machine Gun Team
Selects Exchangeable Parts
M3 Assault Carrier
M1919 Machine Gun Team
M3 Assault Carrier
Engineer Squad
Selects M26 Pershing Heavy Tank
M26 Pershing Heavy Tank
Engineer Squad
M8 Greyhound Armored Car
M1919 Machine Gun Team
Construct Tank Depot
M1919 Machine Gun Team
chillyX
^3
0
0
Comments
sign in to comment!
No comments posted yet!